Ice Dragons vs Tamiflu
Created - 4 novembre 2015 at 23:30
Goals
|
| Ice Dragons |
3 |
3 |
2 |
8 |
| Tamiflu |
0 |
4 |
0 |
4 |
|
Shots
|
| Ice Dragons |
9 |
16 |
6 |
31 |
| Tamiflu |
11 |
10 |
11 |
32 |
|
1st period
1. Ice Dragons , Troy Brouwer 5 (Niklas Sundstrom) at 1:27 (SH)
2. Ice Dragons , Niklas Sundstrom 6 (Oskar Osala, Joe Callahan) at 10:12
3. Ice Dragons , Troy Brouwer 6 (Cal Clutterbuck, Patrick O'Sullivan) at 11:42
Penalties :
Tyler Haskins (Kin) for Boarding (Double Minor) at 0:38, Michael Latta (Kin) for Unsportsmanlike conduct (Major / Game Misconduct) at 12:45
2nd period
4. Tamiflu , Adam Henrique 3 (Kyle Lawson) at 0:44
5. Tamiflu , Adam Henrique 4 (Jan Mursak) at 1:32
6. Ice Dragons , Petr Vrana 4 (Patrick O'Sullivan, Slava Voynov) at 5:16
7. Tamiflu , Tye McGinn 2 (Jordan Hendry, Greg Mauldin) at 5:22
8. Ice Dragons , Cal Clutterbuck 6 (Boris Valabik, Patrick O'Sullivan) at 6:20 (PP)
9. Tamiflu , Nino Niederreiter 6 (Adam Henrique, Jonathan Sigalet) at 6:30
10. Ice Dragons , Oskar Osala 8 (Petr Vrana, Brayden McNabb) at 8:15
Penalties :
Nino Niederreiter (Det) for Slashing (Minor) at 5:41, Nino Niederreiter (Det) for Hooking (Minor) at 10:28, Jan Mursak (Det) for Hooking (Minor) at 15:51
3rd period
11. Ice Dragons , Cal Clutterbuck 7 (Troy Brouwer, Jonathan Blum) at 3:11
12. Ice Dragons , Patrick O'Sullivan 10 (Jonathan Blum, Troy Brouwer) at 18:00
Penalties :
Troy Brouwer (Kin) for Hooking (Minor) at 8:09, Troy Brouwer (Kin) for Hooking (Minor) at 14:50, Nino Niederreiter (Det) for Hooking (Minor) at 18:57
Goalie Stats
Anders Nilsson (Kin), 28 saves from 32 shots - (0,875), W, 1-2-0, 60:00 minutes
Mike McKenna (Det), 13 saves from 17 shots - (0,765), 25:16 minutes
Thomas Greiss (Det), 10 saves from 14 shots - (0,714), L, 1-2-0, 34:44 minutes
Players Stats for Ice Dragons
Player Name G A P +/- PIM S H SB GA TA FO MP PP MP PK MP
------------------------------------------------------------------------------------
Boris Valabik 0 1 1 2 0 1 1 1 0 1 0/0 26:51 3:36 6:36
Brayden McNabb 0 1 1 3 0 0 0 0 0 1 0/0 9:42 0:00 0:44
Cal Clutterbuck 2 1 3 0 0 7 2 1 1 1 2/3 23:47 3:06 5:44
Danny Syvret 0 0 0 -3 0 0 1 0 0 0 0/0 19:48 2:03 5:36
Francis Bouillon 0 0 0 -3 0 0 2 6 1 1 0/0 19:48 2:03 5:36
Joe Callahan 0 1 1 2 0 0 0 3 1 1 0/0 26:51 3:36 6:36
Jonathan Blum 0 2 2 3 0 0 0 2 0 0 0/0 8:58 0:00 0:00
Jordan LaVallee 0 0 0 0 0 1 1 0 1 0 0/0 11:47 0:11 2:14
Marek Viedensky 0 0 0 1 0 0 0 0 0 0 1/1 7:41 0:00 1:10
Michael Latta 0 0 0 0 15 0 0 0 0 0 2/3 1:48 0:00 0:00
Niklas Sundstrom 1 1 2 2 0 6 0 1 0 2 0/0 19:32 2:22 4:49
Oskar Osala 1 1 2 1 0 2 2 1 0 0 0/1 14:26 2:22 0:00
Patrick O'Sullivan 1 3 4 0 0 8 2 1 0 0 22/47 24:25 3:17 5:52
Petr Vrana 1 1 2 1 0 1 0 0 0 0 2/3 10:36 0:11 0:00
Raymond Sawada 0 0 0 0 0 0 0 0 0 0 0/0 12:12 0:00 2:48
Ryan Reaves 0 0 0 1 0 1 0 0 0 0 0/0 4:42 0:00 0:00
Slava Voynov 0 1 1 1 0 0 0 0 0 0 0/0 3:39 0:00 0:00
Troy Brouwer 2 2 4 1 4 4 2 1 1 0 0/3 21:35 3:06 3:15
Tyler Eckford 0 0 0 1 0 0 0 0 0 0 0/0 4:23 0:00 0:44
Tyler Haskins 0 0 0 1 4 0 2 0 0 0 3/11 14:29 2:22 0:00
Players Stats for Tamiflu
Player Name G A P +/- PIM S H SB GA TA FO MP PP MP PK MP
------------------------------------------------------------------------------------
Adam Henrique 2 1 3 1 0 4 0 0 1 0 9/11 17:18 5:20 1:23
Ben Hanowski 0 0 0 -1 0 0 0 0 1 0 0/1 9:00 1:49 0:00
Colin Greening 0 0 0 0 0 1 3 0 0 0 2/4 11:05 1:52 0:50
Garrett Wilson 0 0 0 -1 0 0 2 0 0 0 0/0 10:21 1:53 1:17
Greg Mauldin 0 1 1 -3 0 4 0 0 0 1 21/41 24:24 5:41 3:26
Jan Mursak 0 1 1 1 2 7 2 1 1 0 1/4 15:54 5:20 0:00
Jonathan Sigalet 0 1 1 3 0 2 2 1 2 0 0/0 27:55 7:14 3:40
Jordan Hendry 0 1 1 2 0 5 0 3 0 0 0/0 28:50 7:14 3:40
Justin Braun 0 0 0 -1 0 1 0 2 0 1 0/0 14:01 0:21 1:59
Kyle Lawson 0 1 1 -5 0 1 0 0 0 0 0/0 18:04 5:21 0:00
Mattias Tedenby 0 0 0 0 0 0 0 0 0 0 0/0 8:35 0:13 0:00
Nino Niederreiter 1 0 1 1 6 1 3 0 0 0 2/2 16:22 5:14 0:36
Petr Pohl 0 0 0 -3 0 4 5 0 0 1 1/2 24:24 5:40 3:27
Philip Samuelsson 0 0 0 -4 0 1 0 0 1 0 0/0 19:08 5:21 1:59
Philippe Dupuis 0 0 0 -1 0 0 1 0 0 0 0/1 7:13 0:03 0:00
Rich Clune 0 0 0 0 0 0 0 0 0 1 0/0 8:35 0:13 0:00
Tye McGinn 1 0 1 -3 0 1 1 0 0 1 4/6 21:06 5:30 0:19
Zach Trotman 0 0 0 -1 0 0 2 1 1 0 0/0 12:02 0:21 0:00
3 Stars
1 - Cal Clutterbuck (Kin)
2 - Patrick O'Sullivan (Kin)
3 - Adam Henrique (Det)
Power Play
Ice Dragons - 1 on 4 Attempt(s) - 25,00%
Tamiflu - 0 on 5 Attempt(s) - 0,00%
Penalty Kill
Ice Dragons - 5 on 5 Attempt(s) - 100,00%
- Score 1 goal in Penalty Kill
Tamiflu - 3 on 4 Attempt(s) - 75,00%
- Score 0 goal in Penalty Kill
Team Stat
Ice Dragons - Hits : 15 - Faceoff Wins : 32 - Blocked Shots : 17 - Penalty Minutes : 23
Tamiflu - Hits : 21 - Faceoff Wins : 40 - Blocked Shots : 8 - Penalty Minutes : 8
Official
Referees : Jackson Dave and Watson Brad
Linesman : Scott Cherrey and Derek Amell
Game Notes
Michael Latta ejected from game at 12:45 of 1st period
Thomas Greiss enters game at 5:16 of 2nd period
Finance
Level 1 -- Attendance: 1317 (65,85%) -- Ticket Income 39 510 $
Level 2 -- Attendance: 689 (68,90%) -- Ticket Income 8 268 $
Total Attendance: 2006 (66,87%)
Total Ticket Income: 47 778 $
Other Income: 2 389 $
Total Income: 50 167 $
Ice Dragons
5 vs 5 Forward
Center Left Wing Right Wing Time % Phy DF OF
1 Patrick O'Sullivan Troy Brouwer Cal Clutterbuck 40 1 2 2
2 Tyler Haskins Oskar Osala Niklas Sundstrom 30 1 2 2
3 Michael Latta Jordan LaVallee Raymond Sawada 20 1 2 2
4 Marek Viedensky Petr Vrana Ryan Reaves 10 1 2 2
5 vs 5 Defense
Defense Defense Time % Phy DF OF
1 Boris Valabik Joe Callahan 40 1 2 2
2 Francis Bouillon Danny Syvret 30 1 2 2
3 Jonathan Blum Brayden McNabb 20 1 2 2
4 Tyler Eckford Slava Voynov 10 1 2 2
PowerPlay Forward
Center Left Wing Right Wing Time % Phy DF OF
1 Patrick O'Sullivan Troy Brouwer Cal Clutterbuck 60 1 2 2
2 Tyler Haskins Oskar Osala Niklas Sundstrom 40 1 2 2
PowerPlay Defense
Defense Defense Time % Phy DF OF
1 Boris Valabik Joe Callahan 60 1 2 2
2 Francis Bouillon Danny Syvret 40 1 2 2
Penalty Kill 4 Players Forward
Center Wing Time % Phy DF OF
1 Patrick O'Sullivan Cal Clutterbuck 60 1 2 2
2 Niklas Sundstrom Troy Brouwer 40 1 2 2
Penalty Kill 4 Players Defense
Defense Defense Time % Phy DF OF
1 Boris Valabik Joe Callahan 60 1 2 2
2 Francis Bouillon Danny Syvret 40 1 2 2
Penalty Kill - 3 Players Forward
Forward Time % Phy DF OF
1 Patrick O'Sullivan 60 1 2 2
2 Cal Clutterbuck 40 1 2 2
Penalty Kill - 3 Players Defense
Defense Defense Time % Phy DF OF
1 Boris Valabik Joe Callahan 60 1 2 2
2 Francis Bouillon Danny Syvret 40 1 2 2
4 vs 4 Forward
Center Wing Time % Phy DF OF
1 Patrick O'Sullivan Cal Clutterbuck 60 1 2 2
2 Niklas Sundstrom Troy Brouwer 40 1 2 2
4 vs 4 Defense
Defense Defense Time % Phy DF OF
1 Boris Valabik Joe Callahan 60 1 2 2
2 Francis Bouillon Danny Syvret 40 1 2 2
Last Minutes Offensive
Center Left Wing Right Wing Defense Defense
Patrick O'Sullivan Troy Brouwer Cal Clutterbuck Boris Valabik Joe Callahan
Last Minutes Defensive
Center Left Wing Right Wing Defense Defense
Patrick O'Sullivan Troy Brouwer Cal Clutterbuck Boris Valabik Joe Callahan
Goaltenders
Starting : Anders Nilsson
Backup : Justin Pogge
Extra Forwards
Normal : Jordan LaVallee, Petr Vrana, Raymond Sawada - PP : Jordan LaVallee, Petr Vrana - PK : Raymond Sawada
Extra Defensemen
Normal : Jonathan Blum, Brayden McNabb, Tyler Eckford - PP : Jonathan Blum - PK : Brayden McNabb, Tyler Eckford
Penalty Shots
Patrick O'Sullivan, Cal Clutterbuck, Niklas Sundstrom, Troy Brouwer, Oskar Osala
Tamiflu
5 vs 5 Forward
Center Left Wing Right Wing Time % Phy DF OF
1 Greg Mauldin Tye McGinn Petr Pohl 40 1 2 2
2 Adam Henrique Jan Mursak Nino Niederreiter 30 1 2 2
3 Colin Greening Rich Clune Mattias Tedenby 20 1 2 2
4 Philippe Dupuis Garrett Wilson Ben Hanowski 10 1 2 2
5 vs 5 Defense
Defense Defense Time % Phy DF OF
1 Jonathan Sigalet Jordan Hendry 40 1 2 2
2 Zach Trotman Justin Braun 25 1 2 2
3 Kyle Lawson Philip Samuelsson 25 1 2 2
4 Jordan Hendry Kyle Lawson 10 1 2 2
PowerPlay Forward
Center Left Wing Right Wing Time % Phy DF OF
1 Greg Mauldin Tye McGinn Petr Pohl 60 1 2 2
2 Adam Henrique Jan Mursak Nino Niederreiter 40 1 2 2
PowerPlay Defense
Defense Defense Time % Phy DF OF
1 Jonathan Sigalet Jordan Hendry 60 1 2 2
2 Kyle Lawson Philip Samuelsson 40 1 2 2
Penalty Kill 4 Players Forward
Center Wing Time % Phy DF OF
1 Greg Mauldin Petr Pohl 60 1 2 2
2 Adam Henrique Nino Niederreiter 40 1 2 2
Penalty Kill 4 Players Defense
Defense Defense Time % Phy DF OF
1 Jonathan Sigalet Jordan Hendry 60 1 2 2
2 Justin Braun Philip Samuelsson 40 1 2 2
Penalty Kill - 3 Players Forward
Forward Time % Phy DF OF
1 Greg Mauldin 60 1 2 2
2 Adam Henrique 40 1 2 2
Penalty Kill - 3 Players Defense
Defense Defense Time % Phy DF OF
1 Jonathan Sigalet Jordan Hendry 60 1 2 2
2 Justin Braun Philip Samuelsson 40 1 2 2
4 vs 4 Forward
Center Wing Time % Phy DF OF
1 Greg Mauldin Petr Pohl 60 1 2 2
2 Adam Henrique Nino Niederreiter 40 1 2 2
4 vs 4 Defense
Defense Defense Time % Phy DF OF
1 Jonathan Sigalet Jordan Hendry 60 1 2 2
2 Kyle Lawson Philip Samuelsson 40 1 2 2
Last Minutes Offensive
Center Left Wing Right Wing Defense Defense
Greg Mauldin Tye McGinn Petr Pohl Jonathan Sigalet Jordan Hendry
Last Minutes Defensive
Center Left Wing Right Wing Defense Defense
Greg Mauldin Tye McGinn Petr Pohl Jonathan Sigalet Jordan Hendry
Goaltenders
Starting : Mike McKenna
Backup : Thomas Greiss
Extra Forwards
Normal : Tye McGinn, Nino Niederreiter, Mattias Tedenby - PP : Petr Pohl, Adam Henrique - PK : Nino Niederreiter
Extra Defensemen
Normal : Jonathan Sigalet, Justin Braun, Philip Samuelsson - PP : Philip Samuelsson - PK : Justin Braun, Jonathan Sigalet
Penalty Shots
Greg Mauldin, Adam Henrique, Petr Pohl, Nino Niederreiter, Tye McGinn
% Time on Ice - Ice Dragons
Lines # - Real PCT - Wanted PCT - Time Play
Normal Forward
1 - 37% - 40% - 15:15
2 - 30% - 30% - 12:21
3 - 22% - 20% - 9:07
4 - 11% - 10% - 4:42
Normal Defense
1 - 40% - 40% - 16:39
2 - 29% - 30% - 12:09
3 - 22% - 20% - 8:58
4 - 9% - 10% - 3:39
PP Forward
1 - 58% - 60% - 3:17
2 - 42% - 40% - 2:22
PP Defense
1 - 64% - 60% - 3:36
2 - 36% - 40% - 2:03
PK Forward
1 - 63% - 60% - 8:07
2 - 37% - 40% - 4:49
PK Defense
1 - 57% - 60% - 7:20
2 - 43% - 40% - 5:36
PK3 Forward
1 - 0% - 60%
2 - 0% - 40%
PK3 Defense
1 - 0% - 60%
2 - 0% - 40%
44 Forward
1 - 0% - 60%
2 - 0% - 40%
44 Defense
1 - 0% - 60%
2 - 0% - 40%
Last Minute Offensive - 0:00
Last Minute Defensive - 0:00
Total
Forward - 60:00
Defense - 60:00
|
% Time on Ice - Tamiflu
Lines # - Real PCT - Wanted PCT - Time Play
Normal Forward
1 - 37% - 40% - 15:30
2 - 26% - 30% - 10:35
3 - 20% - 20% - 8:22
4 - 17% - 10% - 6:58
Normal Defense
1 - 41% - 40% - 17:01
2 - 30% - 25% - 12:19
3 - 27% - 25% - 11:10
4 - 2% - 10% - 0:55
PP Forward
1 - 56% - 60% - 7:18
2 - 44% - 40% - 5:38
PP Defense
1 - 58% - 60% - 7:32
2 - 42% - 40% - 5:24
PK Forward
1 - 76% - 60% - 4:16
2 - 24% - 40% - 1:23
PK Defense
1 - 65% - 60% - 3:40
2 - 35% - 40% - 1:59
PK3 Forward
1 - 0% - 60%
2 - 0% - 40%
PK3 Defense
1 - 0% - 60%
2 - 0% - 40%
44 Forward
1 - 0% - 60%
2 - 0% - 40%
44 Defense
1 - 0% - 60%
2 - 0% - 40%
Last Minute Offensive - 0:00
Last Minute Defensive - 0:00
Total
Forward - 60:00
Defense - 60:00
|
Play by Play
1st period
0:01 of 1st period - Tye McGinn wins face-off versus Patrick O'Sullivan in neutral zone.
0:05 of 1st period - Off-side.
0:06 of 1st period - Greg Mauldin wins face-off versus Patrick O'Sullivan in neutral zone.
0:19 of 1st period - Slapshot by Petr Pohl.
0:19 of 1st period - Shot Misses the Net.
0:21 of 1st period - Slapshot by Jordan Hendry.
0:21 of 1st period - Stopped by Anders Nilsson without a rebound.
0:22 of 1st period - Adam Henrique wins face-off versus Tyler Haskins in Ice Dragons zone.
0:23 of 1st period - Slapshot by Jan Mursak.
0:23 of 1st period - Shot Blocked by Francis Bouillon.
0:27 of 1st period - Slapshot by Adam Henrique.
0:27 of 1st period - Stopped by Anders Nilsson with a rebound.
0:29 of 1st period - Snap shot by Justin Braun.
0:29 of 1st period - Shot Blocked by Francis Bouillon.
0:38 of 1st period - Double Minor Penalty to Tyler Haskins for Boarding.
0:39 of 1st period - Patrick O'Sullivan wins face-off versus Greg Mauldin in Ice Dragons zone.
0:53 of 1st period - Patrick O'Sullivan is hit by Petr Pohl and loses puck.
1:04 of 1st period - Joe Callahan is hit by Nino Niederreiter and loses puck.
1:27 of 1st period - Wrist shot by Troy Brouwer.
1:27 of 1st period - Goal by Troy Brouwer - Ice Dragons : 1 - Tamiflu : 0.
1:28 of 1st period - Greg Mauldin wins face-off versus Troy Brouwer in neutral zone.
1:54 of 1st period - Jan Mursak is hit by Cal Clutterbuck and loses puck.
4:27 of 1st period - Nino Niederreiter is hit by Danny Syvret.
4:38 of 1st period - Penalty to Tyler Haskins is over, Tyler Haskins is back on ice.
4:47 of 1st period - Slapshot by Jonathan Blum.
4:47 of 1st period - Deflect By Jordan LaVallee.
4:47 of 1st period - Shot Misses the Net.
4:47 of 1st period - Puck is out of play.
4:48 of 1st period - Michael Latta wins face-off versus Colin Greening in Tamiflu zone.
5:52 of 1st period - Wrist shot by Rich Clune.
5:52 of 1st period - Shot Misses the Net.
5:54 of 1st period - Wrist shot by Philip Samuelsson.
5:54 of 1st period - Shot Blocked by Cal Clutterbuck.
5:56 of 1st period - Slapshot by Kyle Lawson.
5:56 of 1st period - Stopped by Anders Nilsson with a rebound.
6:03 of 1st period - Icing by Cal Clutterbuck.
6:04 of 1st period - Michael Latta wins face-off versus Tye McGinn in Ice Dragons zone.
6:04 of 1st period - Michael Latta is hit by Petr Pohl.
6:14 of 1st period - Slapshot by Joe Callahan.
6:14 of 1st period - Shot Misses the Net.
6:16 of 1st period - Slapshot by Boris Valabik.
6:16 of 1st period - Shot Misses the Net.
6:18 of 1st period - Slapshot by Joe Callahan.
6:18 of 1st period - Shot Misses the Net.
6:20 of 1st period - Slapshot by Joe Callahan.
6:20 of 1st period - Deflect By Jordan LaVallee.
6:20 of 1st period - Shot Blocked by Jordan Hendry.
6:20 of 1st period - Puck is out of play.
6:21 of 1st period - Patrick O'Sullivan wins face-off versus Jan Mursak in Tamiflu zone.
6:24 of 1st period - Wrist shot by Troy Brouwer.
6:24 of 1st period - Deflect By Cal Clutterbuck.
6:24 of 1st period - Shot Hit the Post.
6:24 of 1st period - Puck is out of play.
6:25 of 1st period - Patrick O'Sullivan wins face-off versus Adam Henrique in Tamiflu zone.
6:34 of 1st period - Wrist shot by Cal Clutterbuck.
6:34 of 1st period - Stopped by Mike McKenna with a rebound.
6:36 of 1st period - Wrist shot by Patrick O'Sullivan.
6:36 of 1st period - Stopped by Mike McKenna without a rebound.
6:37 of 1st period - Patrick O'Sullivan wins face-off versus Greg Mauldin in Tamiflu zone.
6:58 of 1st period - Patrick O'Sullivan is hit by Tye McGinn and loses puck.
7:21 of 1st period - Snap shot by Colin Greening.
7:21 of 1st period - Shot Misses the Net.
7:45 of 1st period - Oskar Osala is hit by Nino Niederreiter.
8:22 of 1st period - Snap shot by Greg Mauldin.
8:22 of 1st period - Deflect By Petr Pohl.
8:22 of 1st period - Shot Misses the Net.
8:22 of 1st period - Puck is out of play.
8:23 of 1st period - Greg Mauldin wins face-off versus Tyler Haskins in Ice Dragons zone.
8:24 of 1st period - Wrist shot by Petr Pohl.
8:24 of 1st period - Shot Blocked by Francis Bouillon.
8:26 of 1st period - Snap shot by Petr Pohl.
8:26 of 1st period - Shot Blocked by Francis Bouillon.
8:28 of 1st period - Snap shot by Greg Mauldin.
8:28 of 1st period - Shot Blocked by Francis Bouillon.
8:30 of 1st period - Snap shot by Greg Mauldin.
8:30 of 1st period - Shot Blocked by Francis Bouillon.
8:32 of 1st period - Wrist shot by Tye McGinn.
8:32 of 1st period - Shot Misses the Net.
8:34 of 1st period - Wrist shot by Greg Mauldin.
8:34 of 1st period - Stopped by Anders Nilsson without a rebound.
8:35 of 1st period - Patrick O'Sullivan wins face-off versus Greg Mauldin in Ice Dragons zone.
9:27 of 1st period - Wrist shot by Ben Hanowski.
9:27 of 1st period - Shot Misses the Net.
9:29 of 1st period - Slapshot by Jordan Hendry.
9:29 of 1st period - Stopped by Anders Nilsson without a rebound.
9:30 of 1st period - Greg Mauldin wins face-off versus Patrick O'Sullivan in Ice Dragons zone.
9:31 of 1st period - Slapshot by Petr Pohl.
9:31 of 1st period - Shot Blocked by Patrick O'Sullivan.
9:59 of 1st period - Icing by Joe Callahan.
10:00 of 1st period - Tyler Haskins wins face-off versus Jan Mursak in Ice Dragons zone.
10:10 of 1st period - Snap shot by Oskar Osala.
10:10 of 1st period - Shot Misses the Net.
10:12 of 1st period - Wrist shot by Niklas Sundstrom.
10:12 of 1st period - Goal by Niklas Sundstrom - Ice Dragons : 2 - Tamiflu : 0.
10:13 of 1st period - Patrick O'Sullivan wins face-off versus Greg Mauldin in neutral zone.
10:18 of 1st period - Tye McGinn is hit by Francis Bouillon and loses puck.
10:27 of 1st period - Slapshot by Troy Brouwer.
10:27 of 1st period - Stopped by Mike McKenna with a rebound.
10:29 of 1st period - Slapshot by Patrick O'Sullivan.
10:29 of 1st period - Stopped by Mike McKenna with a rebound.
11:00 of 1st period - Snap shot by Mattias Tedenby.
11:00 of 1st period - Shot Blocked by Joe Callahan.
11:02 of 1st period - Slapshot by Jordan Hendry.
11:02 of 1st period - Stopped by Anders Nilsson with a rebound.
11:04 of 1st period - Slapshot by Jordan Hendry.
11:04 of 1st period - Stopped by Anders Nilsson without a rebound.
11:05 of 1st period - Patrick O'Sullivan wins face-off versus Colin Greening in Ice Dragons zone.
11:10 of 1st period - Slapshot by Troy Brouwer.
11:10 of 1st period - Shot Blocked by Justin Braun.
11:12 of 1st period - Slapshot by Patrick O'Sullivan.
11:12 of 1st period - Stopped by Mike McKenna with a rebound.
11:14 of 1st period - Snap shot by Patrick O'Sullivan.
11:14 of 1st period - Stopped by Mike McKenna without a rebound.
11:15 of 1st period - Greg Mauldin wins face-off versus Patrick O'Sullivan in Tamiflu zone.
11:21 of 1st period - Icing by Cal Clutterbuck.
11:22 of 1st period - Greg Mauldin wins face-off versus Patrick O'Sullivan in Ice Dragons zone.
11:34 of 1st period - Icing by Jordan Hendry.
11:35 of 1st period - Patrick O'Sullivan wins face-off versus Greg Mauldin in Tamiflu zone.
11:40 of 1st period - Wrist shot by Troy Brouwer.
11:40 of 1st period - Shot Misses the Net.
11:42 of 1st period - Wrist shot by Troy Brouwer.
11:42 of 1st period - Goal by Troy Brouwer - Ice Dragons : 3 - Tamiflu : 0.
11:43 of 1st period - Greg Mauldin wins face-off versus Patrick O'Sullivan in neutral zone.
12:19 of 1st period - Snap shot by Jan Mursak.
12:19 of 1st period - Stopped by Anders Nilsson with a rebound.
12:21 of 1st period - Snap shot by Adam Henrique.
12:21 of 1st period - Stopped by Anders Nilsson with a rebound.
12:23 of 1st period - Slapshot by Jan Mursak.
12:23 of 1st period - Stopped by Anders Nilsson without a rebound.
12:24 of 1st period - Colin Greening wins face-off versus Michael Latta in Ice Dragons zone.
12:45 of 1st period - Major / Game Misconduct Penalty to Michael Latta for Unsportsmanlike conduct.
12:45 of 1st period - Michael Latta is ejected from game.
12:46 of 1st period - Patrick O'Sullivan wins face-off versus Greg Mauldin in Ice Dragons zone.
13:46 of 1st period - Snap shot by Jordan Hendry.
13:46 of 1st period - Deflect By Francis Bouillon.
13:46 of 1st period - Stopped by Anders Nilsson without a rebound.
13:47 of 1st period - Adam Henrique wins face-off versus Patrick O'Sullivan in Ice Dragons zone.
17:45 of 1st period - Penalty to Michael Latta is over, Raymond Sawada is send on ice.
Goals for this period are 3 for Ice Dragons vs 0 for Tamiflu.
Shots for this period are 9 for Ice Dragons vs 11 for Tamiflu.
2nd period
0:01 of 2nd period - Patrick O'Sullivan wins face-off versus Greg Mauldin in neutral zone.
0:04 of 2nd period - Snap shot by Boris Valabik.
0:04 of 2nd period - Stopped by Mike McKenna without a rebound.
0:05 of 2nd period - Patrick O'Sullivan wins face-off versus Greg Mauldin in Tamiflu zone.
0:10 of 2nd period - Snap shot by Patrick O'Sullivan.
0:10 of 2nd period - Stopped by Mike McKenna with a rebound.
0:12 of 2nd period - Slapshot by Patrick O'Sullivan.
0:12 of 2nd period - Stopped by Mike McKenna with a rebound.
0:16 of 2nd period - Wrist shot by Cal Clutterbuck.
0:16 of 2nd period - Stopped by Mike McKenna with a rebound.
0:18 of 2nd period - Snap shot by Cal Clutterbuck.
0:18 of 2nd period - Stopped by Mike McKenna with a rebound.
0:20 of 2nd period - Snap shot by Cal Clutterbuck.
0:20 of 2nd period - Shot Blocked by Jordan Hendry.
0:35 of 2nd period - Off-side.
0:36 of 2nd period - Adam Henrique wins face-off versus Tyler Haskins in neutral zone.
0:44 of 2nd period - Snap shot by Adam Henrique.
0:44 of 2nd period - Goal by Adam Henrique - Ice Dragons : 3 - Tamiflu : 1.
0:45 of 2nd period - Patrick O'Sullivan wins face-off versus Greg Mauldin in neutral zone.
1:12 of 2nd period - Icing by Jordan Hendry.
1:13 of 2nd period - Tye McGinn wins face-off versus Petr Vrana in Tamiflu zone.
1:26 of 2nd period - Backhand shot by Petr Pohl.
1:26 of 2nd period - Stopped by Anders Nilsson without a rebound.
1:27 of 2nd period - Jan Mursak wins face-off versus Patrick O'Sullivan in Ice Dragons zone.
1:32 of 2nd period - Snap shot by Adam Henrique.
1:32 of 2nd period - Goal by Adam Henrique - Ice Dragons : 3 - Tamiflu : 2.
1:33 of 2nd period - Greg Mauldin wins face-off versus Patrick O'Sullivan in neutral zone.
1:39 of 2nd period - Off-side.
1:40 of 2nd period - Patrick O'Sullivan wins face-off versus Greg Mauldin in neutral zone.
2:13 of 2nd period - Niklas Sundstrom is hit by Jan Mursak and loses puck.
2:28 of 2nd period - Snap shot by Ben Hanowski.
2:28 of 2nd period - Shot Misses the Net.
3:21 of 2nd period - Slapshot by Kyle Lawson.
3:21 of 2nd period - Shot Blocked by Oskar Osala.
3:33 of 2nd period - Slapshot by Niklas Sundstrom.
3:33 of 2nd period - Stopped by Mike McKenna with a rebound.
3:35 of 2nd period - Wrist shot by Niklas Sundstrom.
3:35 of 2nd period - Stopped by Mike McKenna without a rebound.
3:36 of 2nd period - Greg Mauldin wins face-off versus Patrick O'Sullivan in Tamiflu zone.
5:16 of 2nd period - Snap shot by Petr Vrana.
5:16 of 2nd period - Goal by Petr Vrana - Ice Dragons : 4 - Tamiflu : 2.
5:16 of 2nd period - Thomas Greiss enters game.
5:17 of 2nd period - Greg Mauldin wins face-off versus Patrick O'Sullivan in neutral zone.
5:22 of 2nd period - Backhand shot by Tye McGinn.
5:22 of 2nd period - Goal by Tye McGinn - Ice Dragons : 4 - Tamiflu : 3.
5:23 of 2nd period - Cal Clutterbuck wins face-off versus Greg Mauldin in neutral zone.
5:26 of 2nd period - Wrist shot by Patrick O'Sullivan.
5:26 of 2nd period - Stopped by Thomas Greiss without a rebound.
5:27 of 2nd period - Greg Mauldin wins face-off versus Cal Clutterbuck in Tamiflu zone.
5:40 of 2nd period - Snap shot by Petr Pohl.
5:40 of 2nd period - Stopped by Anders Nilsson without a rebound.
5:41 of 2nd period - Adam Henrique wins face-off versus Patrick O'Sullivan in Ice Dragons zone.
5:41 of 2nd period - Minor Penalty to Nino Niederreiter for Slashing.
5:42 of 2nd period - Petr Pohl wins face-off versus Patrick O'Sullivan in Tamiflu zone.
5:42 of 2nd period - Petr Pohl is hit by Cal Clutterbuck.
5:58 of 2nd period - Snap shot by Cal Clutterbuck.
5:58 of 2nd period - Stopped by Thomas Greiss without a rebound.
5:59 of 2nd period - Greg Mauldin wins face-off versus Tyler Haskins in Tamiflu zone.
6:06 of 2nd period - Snap shot by Boris Valabik.
6:06 of 2nd period - Shot Blocked by Jordan Hendry.
6:08 of 2nd period - Slapshot by Niklas Sundstrom.
6:08 of 2nd period - Stopped by Thomas Greiss without a rebound.
6:09 of 2nd period - Tyler Haskins wins face-off versus Petr Pohl in Tamiflu zone.
6:10 of 2nd period - Wrist shot by Niklas Sundstrom.
6:10 of 2nd period - Stopped by Thomas Greiss without a rebound.
6:11 of 2nd period - Patrick O'Sullivan wins face-off versus Greg Mauldin in Tamiflu zone.
6:18 of 2nd period - Snap shot by Cal Clutterbuck.
6:18 of 2nd period - Shot Misses the Net.
6:20 of 2nd period - Slapshot by Boris Valabik.
6:20 of 2nd period - Deflect By Cal Clutterbuck.
6:20 of 2nd period - Goal by Cal Clutterbuck - Ice Dragons : 5 - Tamiflu : 3.
6:21 of 2nd period - Adam Henrique wins face-off versus Troy Brouwer in neutral zone.
6:28 of 2nd period - Snap shot by Adam Henrique.
6:28 of 2nd period - Shot Misses the Net.
6:30 of 2nd period - Snap shot by Nino Niederreiter.
6:30 of 2nd period - Goal by Nino Niederreiter - Ice Dragons : 5 - Tamiflu : 4.
6:31 of 2nd period - Greg Mauldin wins face-off versus Patrick O'Sullivan in neutral zone.
6:40 of 2nd period - Wrist shot by Greg Mauldin.
6:40 of 2nd period - Stopped by Anders Nilsson with a rebound.
6:42 of 2nd period - Wrist shot by Greg Mauldin.
6:42 of 2nd period - Shot Blocked by Troy Brouwer.
6:44 of 2nd period - Snap shot by Jordan Hendry.
6:44 of 2nd period - Shot Misses the Net.
6:46 of 2nd period - Backhand shot by Jonathan Sigalet.
6:46 of 2nd period - Stopped by Anders Nilsson with a rebound.
7:07 of 2nd period - Wrist shot by Oskar Osala.
7:07 of 2nd period - Shot Blocked by Jan Mursak.
7:39 of 2nd period - Justin Braun is hit by Troy Brouwer and loses puck.
7:56 of 2nd period - Petr Vrana is hit by Petr Pohl and loses puck.
8:01 of 2nd period - Slapshot by Petr Pohl.
8:01 of 2nd period - Stopped by Anders Nilsson with a rebound.
8:03 of 2nd period - Slapshot by Philip Samuelsson.
8:03 of 2nd period - Shot Blocked by Jonathan Blum.
8:05 of 2nd period - Slapshot by Philip Samuelsson.
8:05 of 2nd period - Shot Blocked by Jonathan Blum.
8:15 of 2nd period - Snap shot by Oskar Osala.
8:15 of 2nd period - Goal by Oskar Osala - Ice Dragons : 6 - Tamiflu : 4.
8:16 of 2nd period - Tye McGinn wins face-off versus Patrick O'Sullivan in neutral zone.
9:24 of 2nd period - Colin Greening is hit by Francis Bouillon.
9:54 of 2nd period - Slapshot by Oskar Osala.
9:54 of 2nd period - Deflect By Troy Brouwer.
9:54 of 2nd period - Shot Misses the Net.
9:54 of 2nd period - Puck is out of play.
9:55 of 2nd period - Greg Mauldin wins face-off versus Patrick O'Sullivan in Tamiflu zone.
10:04 of 2nd period - Snap shot by Petr Pohl.
10:04 of 2nd period - Shot Misses the Net.
10:20 of 2nd period - Justin Braun is hit by Jordan LaVallee and loses puck.
10:27 of 2nd period - Slapshot by Jordan LaVallee.
10:27 of 2nd period - Stopped by Thomas Greiss without a rebound.
10:28 of 2nd period - Adam Henrique wins face-off versus Patrick O'Sullivan in Tamiflu zone.
10:28 of 2nd period - Minor Penalty to Nino Niederreiter for Hooking.
10:29 of 2nd period - Greg Mauldin wins face-off versus Patrick O'Sullivan in Tamiflu zone.
10:29 of 2nd period - Greg Mauldin is hit by Patrick O'Sullivan.
10:41 of 2nd period - Petr Pohl is hit by Troy Brouwer.
11:05 of 2nd period - Snap shot by Oskar Osala.
11:05 of 2nd period - Shot Misses the Net.
12:28 of 2nd period - Penalty to Nino Niederreiter is over, Nino Niederreiter is back on ice.
12:39 of 2nd period - Danny Syvret is hit by Zach Trotman and loses puck.
12:56 of 2nd period - Marek Viedensky is hit by Zach Trotman.
14:03 of 2nd period - Icing by Greg Mauldin.
14:04 of 2nd period - Patrick O'Sullivan wins face-off versus Greg Mauldin in Tamiflu zone.
14:23 of 2nd period - Joe Callahan is hit by Colin Greening and loses puck.
14:56 of 2nd period - Niklas Sundstrom is hit by Garrett Wilson and loses puck.
15:51 of 2nd period - Minor Penalty to Jan Mursak for Hooking.
15:52 of 2nd period - Patrick O'Sullivan wins face-off versus Greg Mauldin in Tamiflu zone.
16:03 of 2nd period - Wrist shot by Cal Clutterbuck.
16:03 of 2nd period - Stopped by Thomas Greiss without a rebound.
16:04 of 2nd period - Patrick O'Sullivan wins face-off versus Greg Mauldin in Tamiflu zone.
16:44 of 2nd period - Snap shot by Oskar Osala.
16:44 of 2nd period - Shot Misses the Net.
17:51 of 2nd period - Penalty to Jan Mursak is over, Jan Mursak is back on ice.
18:27 of 2nd period - Marek Viedensky is hit by Jan Mursak and loses puck.
18:32 of 2nd period - Snap shot by Adam Henrique.
18:32 of 2nd period - Deflect By Jan Mursak.
18:32 of 2nd period - Stopped by Anders Nilsson with a rebound.
19:00 of 2nd period - Tyler Eckford is hit by Philippe Dupuis and loses puck.
Goals for this period are 3 for Ice Dragons vs 4 for Tamiflu.
Shots for this period are 16 for Ice Dragons vs 10 for Tamiflu.
3rd period
0:01 of 3rd period - Greg Mauldin wins face-off versus Troy Brouwer in neutral zone.
0:06 of 3rd period - Snap shot by Greg Mauldin.
0:06 of 3rd period - Stopped by Anders Nilsson without a rebound.
0:07 of 3rd period - Greg Mauldin wins face-off versus Patrick O'Sullivan in Ice Dragons zone.
0:32 of 3rd period - Slapshot by Greg Mauldin.
0:32 of 3rd period - Deflect By Joe Callahan.
0:32 of 3rd period - Stopped by Anders Nilsson without a rebound.
0:33 of 3rd period - Adam Henrique wins face-off versus Tyler Haskins in Ice Dragons zone.
0:34 of 3rd period - Snap shot by Jan Mursak.
0:34 of 3rd period - Stopped by Anders Nilsson with a rebound.
0:44 of 3rd period - Wrist shot by Oskar Osala.
0:44 of 3rd period - Stopped by Thomas Greiss without a rebound.
0:45 of 3rd period - Patrick O'Sullivan wins face-off versus Greg Mauldin in Tamiflu zone.
0:53 of 3rd period - Off-side.
0:54 of 3rd period - Greg Mauldin wins face-off versus Patrick O'Sullivan in neutral zone.
1:07 of 3rd period - Slapshot by Greg Mauldin.
1:07 of 3rd period - Shot Misses the Net.
1:36 of 3rd period - Icing by Jordan Hendry.
1:37 of 3rd period - Greg Mauldin wins face-off versus Tyler Haskins in Tamiflu zone.
1:47 of 3rd period - Francis Bouillon is hit by Jonathan Sigalet and loses puck.
3:11 of 3rd period - Backhand shot by Cal Clutterbuck.
3:11 of 3rd period - Goal by Cal Clutterbuck - Ice Dragons : 7 - Tamiflu : 4.
3:12 of 3rd period - Nino Niederreiter wins face-off versus Patrick O'Sullivan in neutral zone.
3:15 of 3rd period - Slapshot by Justin Braun.
3:15 of 3rd period - Stopped by Anders Nilsson without a rebound.
3:16 of 3rd period - Patrick O'Sullivan wins face-off versus Jan Mursak in Ice Dragons zone.
3:27 of 3rd period - Snap shot by Troy Brouwer.
3:27 of 3rd period - Shot Misses the Net.
3:45 of 3rd period - Slapshot by Oskar Osala.
3:45 of 3rd period - Deflect By Niklas Sundstrom.
3:45 of 3rd period - Stopped by Thomas Greiss with a rebound.
3:51 of 3rd period - Tye McGinn is hit by Oskar Osala and loses puck.
4:47 of 3rd period - Wrist shot by Petr Vrana.
4:47 of 3rd period - Shot Misses the Net.
4:49 of 3rd period - Slapshot by Brayden McNabb.
4:49 of 3rd period - Shot Blocked by Jonathan Sigalet.
5:25 of 3rd period - Snap shot by Garrett Wilson.
5:25 of 3rd period - Shot Misses the Net.
5:37 of 3rd period - Danny Syvret is hit by Nino Niederreiter.
6:03 of 3rd period - Icing by Francis Bouillon.
6:04 of 3rd period - Petr Vrana wins face-off versus Greg Mauldin in Ice Dragons zone.
6:55 of 3rd period - Snap shot by Kyle Lawson.
6:55 of 3rd period - Shot Blocked by Joe Callahan.
6:57 of 3rd period - Wrist shot by Colin Greening.
6:57 of 3rd period - Stopped by Anders Nilsson without a rebound.
6:58 of 3rd period - Colin Greening wins face-off versus Patrick O'Sullivan in Ice Dragons zone.
7:41 of 3rd period - Jordan LaVallee is hit by Colin Greening and loses puck.
7:47 of 3rd period - Off-side.
7:48 of 3rd period - Cal Clutterbuck wins face-off versus Greg Mauldin in neutral zone.
8:09 of 3rd period - Minor Penalty to Troy Brouwer for Hooking.
8:10 of 3rd period - Patrick O'Sullivan wins face-off versus Greg Mauldin in Ice Dragons zone.
8:10 of 3rd period - Patrick O'Sullivan is hit by Jonathan Sigalet.
10:06 of 3rd period - Francis Bouillon is hit by Colin Greening and loses puck.
10:09 of 3rd period - Penalty to Troy Brouwer is over, Troy Brouwer is back on ice.
10:29 of 3rd period - Slapshot by Francis Bouillon.
10:29 of 3rd period - Shot Blocked by Zach Trotman.
10:33 of 3rd period - Wrist shot by Petr Vrana.
10:33 of 3rd period - Shot Blocked by Justin Braun.
10:37 of 3rd period - Wrist shot by Ryan Reaves.
10:37 of 3rd period - Stopped by Thomas Greiss without a rebound.
10:38 of 3rd period - Marek Viedensky wins face-off versus Philippe Dupuis in Tamiflu zone.
11:32 of 3rd period - Snap shot by Niklas Sundstrom.
11:32 of 3rd period - Shot Misses the Net.
11:46 of 3rd period - Snap shot by Jonathan Sigalet.
11:46 of 3rd period - Shot Blocked by Boris Valabik.
12:02 of 3rd period - Snap shot by Garrett Wilson.
12:02 of 3rd period - Shot Misses the Net.
12:22 of 3rd period - Wrist shot by Niklas Sundstrom.
12:22 of 3rd period - Shot Misses the Net.
12:28 of 3rd period - Wrist shot by Jan Mursak.
12:28 of 3rd period - Stopped by Anders Nilsson with a rebound.
12:30 of 3rd period - Wrist shot by Jan Mursak.
12:30 of 3rd period - Stopped by Anders Nilsson without a rebound.
12:31 of 3rd period - Greg Mauldin wins face-off versus Patrick O'Sullivan in Ice Dragons zone.
12:32 of 3rd period - Snap shot by Petr Pohl.
12:32 of 3rd period - Stopped by Anders Nilsson with a rebound.
13:43 of 3rd period - Jordan LaVallee is hit by Garrett Wilson and loses puck.
14:16 of 3rd period - Slapshot by Jordan Hendry.
14:16 of 3rd period - Deflect By Petr Pohl.
14:16 of 3rd period - Deflect By Brayden McNabb.
14:16 of 3rd period - Shot Misses the Net.
14:16 of 3rd period - Puck is out of play.
14:17 of 3rd period - Nino Niederreiter wins face-off versus Tyler Haskins in Ice Dragons zone.
14:20 of 3rd period - Snap shot by Adam Henrique.
14:20 of 3rd period - Shot Misses the Net.
14:22 of 3rd period - Wrist shot by Jan Mursak.
14:22 of 3rd period - Stopped by Anders Nilsson without a rebound.
14:23 of 3rd period - Adam Henrique wins face-off versus Oskar Osala in Ice Dragons zone.
14:31 of 3rd period - Icing by Boris Valabik.
14:32 of 3rd period - Tyler Haskins wins face-off versus Tye McGinn in Ice Dragons zone.
14:32 of 3rd period - Tyler Haskins is hit by Petr Pohl.
14:38 of 3rd period - Jordan Hendry is hit by Tyler Haskins and loses puck.
14:47 of 3rd period - Snap shot by Jonathan Sigalet.
14:47 of 3rd period - Stopped by Anders Nilsson without a rebound.
14:48 of 3rd period - Patrick O'Sullivan wins face-off versus Adam Henrique in Ice Dragons zone.
14:50 of 3rd period - Minor Penalty to Troy Brouwer for Hooking.
14:51 of 3rd period - Greg Mauldin wins face-off versus Patrick O'Sullivan in Ice Dragons zone.
14:58 of 3rd period - Wrist shot by Greg Mauldin.
14:58 of 3rd period - Shot Misses the Net.
15:00 of 3rd period - Slapshot by Jordan Hendry.
15:00 of 3rd period - Shot Blocked by Joe Callahan.
16:50 of 3rd period - Penalty to Troy Brouwer is over, Troy Brouwer is back on ice.
17:25 of 3rd period - Snap shot by Ben Hanowski.
17:25 of 3rd period - Shot Blocked by Niklas Sundstrom.
17:27 of 3rd period - Slapshot by Philip Samuelsson.
17:27 of 3rd period - Stopped by Anders Nilsson without a rebound.
17:28 of 3rd period - Petr Vrana wins face-off versus Ben Hanowski in Ice Dragons zone.
17:53 of 3rd period - Greg Mauldin is hit by Boris Valabik and loses puck.
17:58 of 3rd period - Snap shot by Troy Brouwer.
17:58 of 3rd period - Stopped by Thomas Greiss with a rebound.
18:00 of 3rd period - Slapshot by Jonathan Blum.
18:00 of 3rd period - Deflect By Patrick O'Sullivan.
18:00 of 3rd period - Goal by Patrick O'Sullivan - Ice Dragons : 8 - Tamiflu : 4.
18:01 of 3rd period - Tye McGinn wins face-off versus Patrick O'Sullivan in neutral zone.
18:39 of 3rd period - Raymond Sawada is hit by Petr Pohl.
18:46 of 3rd period - Icing by Tye McGinn.
18:47 of 3rd period - Adam Henrique wins face-off versus Tyler Haskins in Tamiflu zone.
18:47 of 3rd period - Adam Henrique is hit by Tyler Haskins.
18:55 of 3rd period - Slapshot by Oskar Osala.
18:55 of 3rd period - Shot Misses the Net.
18:57 of 3rd period - Minor Penalty to Nino Niederreiter for Hooking.
18:58 of 3rd period - Patrick O'Sullivan wins face-off versus Greg Mauldin in Tamiflu zone.
19:34 of 3rd period - Jordan Hendry is hit by Oskar Osala and loses puck.
19:49 of 3rd period - Justin Braun is hit by Patrick O'Sullivan and loses puck.
Goals for this period are 2 for Ice Dragons vs 0 for Tamiflu.
Shots for this period are 6 for Ice Dragons vs 11 for Tamiflu.
Output by the SimonT Hockey Simulator (STHS) for François Prévost -- Original Page W3C XHTML 1.0 Valid